 Dungeon Crawl Stone Soup version 0.32-a0-995-gb4a59205af (webtiles) character file.

Game seed: 10690452078208490939

25247 jamsaran the Toxicologist (level 12, -12/97 HPs)
             Began as a Demigod Alchemist on Apr 23, 2024.
             Mangled by a frost giant
             ... wielding a +2 battleaxe of freezing
              (24 damage)
             ... on level 11 of the Dungeon.
             The game lasted 00:33:50 (16835 turns).

jamsaran the Toxicologist (Demigod Alchemist)      Turns: 16835, Time: 00:33:51

Health: -12/97     AC:  9    Str: 13    XL:     12   Next: 52%
Magic:  23/34      EV: 13    Int: 29    God:
Gold:   306        SH:  0    Dex: 14    Spells: 6/23 levels left

rFire   . . .        L - +3 morningstar (flame)
rCold   + . .        (no shield)
rNeg    . . .        F - +1 robe {rC+}
rPois   .            d - +0 hat
rElec   .            c - +0 cloak
rCorr   .            D - +2 pair of gloves
SInv    .            B - +0 pair of boots
Will    +++..        (no amulet)
Stlth   ++           u - ring of willpower
HPRegen 0.36/turn    M - ring of magical power
MPRegen 0.24/turn

%: no passive effects
@: enlightened, flying
A: high MP 1, forlorn, divine attributes
a: no special abilities


You were on level 11 of the Dungeon.
You visited 2 branches of the dungeon, and saw 13 of its levels.

You collected 734 gold pieces.
You spent 428 gold pieces at shops.

Inventory:

Hand Weapons
 y - the +8 rapier "Orb Guardian's Bane" {heavy, rPois Str+2}
   (You bought it in a shop on level 6 of the Dungeon)

   Str+2:     It affects your strength (+2).
   rPois:     It protects you from poison.
 L - a +3 morningstar of flaming (weapon)
Armour
 c - a +0 cloak (worn)
 d - a +0 hat (worn)
 B - a +0 pair of boots (worn)
 C - a +0 kite shield
 D - a +2 pair of gloves (worn)
 F - a +1 robe of cold resistance (worn)
Jewellery
 a - a ring of ice
 j - a ring of protection from cold
 u - a ring of willpower (left hand)
 v - a ring of flight
 M - a ring of magical power (right hand)
 N - a ring of see invisible
Wands
 x - a wand of roots (19)
 I - a wand of flame (45)
 J - a wand of mindburst (15)
 K - a wand of polymorph (14)
Scrolls
 b - a scroll of enchant armour {unknown}
 g - 5 scrolls of teleportation
 h - a scroll of fog
 i - 6 scrolls of immolation
 l - 2 scrolls of enchant weapon
 m - 2 scrolls of silence {unknown}
 n - a scroll of identify
 q - a scroll of torment {unknown}
 r - a scroll of vulnerability {unknown}
 s - a scroll of poison {unknown}
 w - a scroll of brand weapon {unknown}
 z - a scroll of revelation {unknown}
 G - 2 scrolls of amnesia {unknown}
Potions
 e - 2 potions of mutation {unknown}
 f - 4 potions of brilliance
 k - 2 potions of curing
 o - a potion of berserk rage {unknown}
 p - a potion of attraction {unknown}
 t - a potion of lignification {unknown}
 A - a potion of enlightenment
 E - 2 potions of degeneration {unknown}
 H - a potion of magic


   Skills:
 + Level 6.7 Fighting
 - Level 3.0 Maces & Flails
 - Level 6.0 Armour
 - Level 6.0 Dodging
 - Level 3.0 Stealth
 - Level 6.0 Spellcasting
 - Level 3.0 Conjurations
 + Level 7.6 Hexes
 - Level 3.0 Translocations
 - Level 9.0 Fire Magic
 - Level 9.0 Alchemy
 - Level 3.0 Evocations


You had 6 spell levels left.
You knew the following spells:

 Your Spells              Type           Power      Damage    Failure   Level
a - Sting                 Conj/Alch      100%       1d9       1%          1
b - Sticky Flame          Fire/Alch      57%        2d10      1%          4
c - Inner Flame           Hex/Fire       54%        N/A       1%          3
o - Olgreb's Toxic Radia  Alch           57%        N/A       1%          4
t - Tukima's Dance        Hex            52%        N/A       1%          3
x - Blink                 Tloc           52%        N/A       2%          2

Your spell library contained the following spells:

 Spells                   Type           Power      Damage    Failure   Level
 Magic Dart               Conj           100%       1d8       1%          1
 Mercury Vapours          Alch/Air       68%        N/A       1%          2
 Dazzling Flash           Conj/Hex       78%        N/A       1%          3
 Volatile Blastmotes      Fire/Tloc      86%        2d17      1%          3
 Lesser Beckoning         Tloc           52%        N/A       2%          2
 Momentum Strike          Conj/Tloc      52%        3d9       2%          2
 Mephitic Cloud           Conj/Alch/Air  31%        N/A       3%          3
 Flame Wave               Conj/Fire      43%        2d11      4%          4
 Fulminant Prism          Conj/Alch      21%        3d12      4%          4
 Yara's Violent Unravell  Hex/Alch       27%        3d12      4%          5
 Dimensional Bullseye     Hex/Tloc       19%        N/A       6%          4
 Call Imp                 Summ           16%        N/A       9%          2
 Sublimation of Blood     Necr           8%         N/A       9%          2
 Iskenderun's Mystic Bla Conj/Tloc 26%            2d7        (+2d3     16%         4
 Passage of Golubria      Tloc           26%        N/A       16%         4
 Silence                  Hex/Air        15%        N/A       32%         5
 Summon Mana Viper        Hex/Summ       30%        N/A       32%         5
 Summon Lightning Spire   Summ/Air       8%         N/A       50%         4
 Arcjolt                  Conj/Air       8%         1d18      63%         5
 Summon Forest            Summ/Tloc      8%         N/A       63%         5
 Curse of Agony           Necr           8%         N/A       83%         5
 Summon Cactus Giant      Summ           4%         N/A       100%        6
 Rimeblight               Ice/Necr       4%         2d3       (prima100%   7
 Lehudib's Crystal Spear  Conj/Erth      8%         10d4      100%        8
 Maxwell's Capacitive Co  Air            4%         ∞         100%        8


Dungeon Overview and Level Annotations

Branches:
Dungeon (11/15)              Lair (2/5) D:8          Spider (0/4) Lair:2
 Temple: D:4-7        Swamp: Lair:2-3    Shoals: Lair:2-3       Orc: D:9-12

Shops:
D:1 =   D:6 (   D:8 (   D:11 [!

Annotations:
D:5 Menkaure
Lair:2 exclusion: oklob plant


Innate Abilities, Weirdness & Mutations

You have an increased reservoir of magic. (+10% MP)
You shall have no god before yourself.
Your divine heritage dramatically boosts your attributes as you level up.


Message History

a +0 dagger; a +0 robe; a kobold corpse
Casting: Sticky Flame (mildly dangerous; 1% risk of failure)
Confirm with . or Enter, or press ? or * to list all spells.
Aiming: Sticky Flame (mildly dangerous; 1% risk of failure)
Press: ? - help, Shift-Dir - straight line, f - frost giant
Aim: a frost giant, wielding a +2 battleaxe of freezing (black smoke)
The sticky flame hits the frost giant!
The frost giant is lightly wounded.
The frost giant burns!
The frost giant hits you with a +2 battleaxe of freezing!!
The frost giant freezes you.
Unknown command.
Casting: Sticky Flame (mildly dangerous; 1% risk of failure)
Confirm with . or Enter, or press ? or * to list all spells.
You begin to radiate toxic energy.
The frost giant is poisoned.
The frost giant burns!
The frost giant hits you with a +2 battleaxe of freezing!
The frost giant freezes you.
Unknown command.
Casting: Olgreb's Toxic Radiance (mildly dangerous; 1% risk of failure)
Confirm with . or Enter, or press ? or * to list all spells.
Aiming: Sticky Flame (mildly dangerous; 1% risk of failure)
Press: ? - help, Shift-Dir - straight line, f/p - frost giant
Aim: a frost giant, wielding a +2 battleaxe of freezing (moderately wounded, covered in liquid flames, poisoned)
The sticky flame hits the frost giant.
The frost giant is moderately wounded.
The frost giant burns!
The frost giant hits you with a +2 battleaxe of freezing!!!
* * * LOW HITPOINT WARNING * * *
The frost giant freezes you.
* * * LOW HITPOINT WARNING * * *
Unknown command.
Okay, then.
As you read the scroll labelled KAOTSOFYOT, it crumbles to dust.
It is a scroll of enchant weapon.
Your +2 morningstar of flaming glows red for a moment.
Your toxic aura wanes.
The frost giant burns!
The frost giant hits you with a +2 battleaxe of freezing!!
You die...

### #########§###########.#
#..C..§§§§§.(.........#
#D#######§.§.DC.##### #.#
#######@# ##.# #.# .C.# #)# ####
#.###############.
################.##..............
#.............##.##.#############
#.#######.~≈≈.##)##.# #.#
#..≈∩~....##.# #.#
##..≈≈≈..####.#


You could see a frost giant (burning, poisoned) and a five-headed hydra.

Vanquished Creatures
  Fannar (D:10)
  A rakshasa (D:11)
  An ogre mage (D:11)
  A catoblepas (D:11)
  6 death yaks (Lair:1)
  2 two-headed ogres
  4 deep elf pyromancers (D:7)
  An ugly thing (D:11)
  3 manticores (D:11)
  A black mamba (Lair:1)
  5 cane toads
  3 kobold demonologists
  Jeremiah (D:6)
  5 blink frogs (Lair:1)
  2 hornets
  2 polar bears
  A shadow (D:10)
  2 vampires (D:7)
  26 yaks
  3 basilisks (Lair:1)
  2 wyverns (Lair:1)
  A wraith (D:11)
  4 redbacks (Lair:2)
  A vampire mosquito (D:11)
  9 water moccasins
  6 black bears
  3 ice beasts
  A sky beast (D:8)
  A wolf (Lair:1)
  4 centaurs
  Blork the orc (D:5)
  2 kobold brigands (D:7)
  8 bullfrogs
  A gnoll sergeant (D:9)
  4 scorpions
  8 wights (D:8)
  6 killer bees (D:9)
  A crimson imp (D:9)
  5 howler monkeys
  3 bombardier beetles
  3 hounds
  A gnoll bouda (D:6)
  A jelly (D:8)
  4 orc priests
  A sleepcap (D:7)
  2 iguanas (D:6)
  5 orc wizards
  2 human simulacra (D:10)
  8 gnolls
  3 adders
  A shadow imp (D:7)
  A white imp (D:6)
  2 ribbon worms
  A dart slug (D:1)
  24 orcs
  4 ball pythons
  10 endoplasms
  2 giant cockroaches (D:3)
  5 goblins
  10 hobgoblins
  3 jackals (D:1)
  13 kobolds
  5 quokkas
  6 bats
  3 frilled lizards
  6 rats
268 creatures vanquished.

Vanquished Creatures (others)
  A troll (D:11)
  An orc warrior (D:10)
  A boggart (D:11)
3 creatures vanquished.

Grand Total: 271 creatures vanquished

Notes
Turn   | Place    | Note
-------+----------+-------------------------------------------
     0 | D:1      | jamsaran the Demigod Alchemist began the quest for the Orb.
     0 | D:1      | Reached XP level 1. HP: 14/14 MP: 5/5
   176 | D:1      | Reached XP level 2. HP: 20/20 MP: 4/7
   521 | D:1      | Found Liamodam's Jewellery Emporium.
   881 | D:2      | Reached XP level 3. HP: 26/26 MP: 5/8
  2481 | D:3      | Reached XP level 4. HP: 33/33 MP: 4/9
  2486 | D:3      | Learned a level 4 spell: Olgreb's Toxic Radiance
  2768 | D:3      | Reached skill level 5 in Alchemy
  3611 | D:4      | Reached XP level 5. HP: 38/38 MP: 7/10
  4201 | D:5      | Entered Level 5 of the Dungeon
  4225 | D:5      | Noticed Blork the orc
  4233 | D:5      | Killed Blork the orc
  4358 | D:5      | Reached XP level 6. HP: 45/45 MP: 8/11
  4401 | D:5      | Noticed Menkaure
  4490 | D:6      | Reached skill level 1 in Fire Magic
  4877 | D:6      | Found Cooq's Antique Weapon Shoppe.
  4881 | D:6      | Bought an ichor-stained rapier for 198 gold pieces
  4881 | D:6      | Identified the +8 rapier "Orb Guardian's Bane" {heavy,
                  | rPois Str+2} (You bought it in a shop on level 6 of the
                  | Dungeon)
  5125 | D:6      | Reached XP level 7. HP: 50/50 MP: 3/12
  5130 | D:6      | Learned a level 4 spell: Sticky Flame
  5733 | D:6      | Noticed Jeremiah
  5738 | D:6      | Killed Jeremiah
  5739 | D:6      | Reached skill level 5 in Fire Magic
  6044 | D:7      | Reached XP level 8. HP: 55/57 MP: 1/13
  6142 | D:7      | Noticed a hornet
  6148 | D:7      | Killed a hornet
  6505 | D:7      | Noticed a deep elf pyromancer
  6510 | D:7      | Killed a deep elf pyromancer
  6513 | D:7      | Reached skill level 1 in Fighting
  6513 | D:7      | Reached skill level 1 in Armour
  6526 | D:7      | Noticed a kobold demonologist
  6537 | D:7      | Killed a kobold demonologist
  6538 | D:7      | Reached XP level 9. HP: 66/67 MP: 0/14
  7061 | D:7      | Noticed a deep elf pyromancer
  7071 | D:7      | Reached skill level 1 in Conjurations
  7072 | D:7      | Killed a deep elf pyromancer
  7189 | D:7      | Noticed a deep elf pyromancer
  7193 | D:7      | Killed a deep elf pyromancer
  7324 | D:7      | Noticed a deep elf pyromancer
  7329 | D:7      | Killed a deep elf pyromancer
  7739 | D:8      | Found a staircase to the Lair.
  7830 | D:8      | Reached skill level 5 in Dodging
  7953 | D:8      | Reached XP level 10. HP: 77/77 MP: 8/17
  8288 | D:8      | Found Ilupoidi's Weapon Emporium.
  8479 | D:8      | Bought a +2 morningstar of flaming for 230 gold pieces
  8577 | D:8      | Learned a level 2 spell: Blink
  8591 | D:9      | Reached skill level 1 in Translocations
  8859 | D:8      | Reached skill level 1 in Maces & Flails
  9358 | D:9      | Noticed a two-headed ogre
  9372 | D:9      | Killed a two-headed ogre
  9377 | D:9      | Learned a level 3 spell: Inner Flame
  9721 | D:9      | Reached skill level 1 in Hexes
 10127 | D:10     | Entered Level 10 of the Dungeon
 10322 | D:10     | Reached skill level 5 in Spellcasting
 10583 | D:10     | Noticed Fannar
 10592 | D:10     | Killed Fannar
 11026 | D:10     | Got the Tome of the Manifold
 11579 | D:11     | Found Olatta's Armour Shop.
 11582 | D:11     | Noticed a manticore
 11586 | D:11     | Noticed a rakshasa
 11588 | D:11     | Killed a manticore
 11952 | Lair:1   | Entered Level 1 of the Lair of Beasts
 12094 | Lair:1   | Reached XP level 11. HP: 74/82 MP: 3/23
 12225 | Lair:1   | Learned a level 3 spell: Tukima's Dance
 12350 | Lair:1   | Reached skill level 5 in Hexes
 13197 | Lair:1   | Noticed a death yak
 13197 | Lair:1   | Noticed a death yak
 13197 | Lair:1   | Noticed a death yak
 13199 | Lair:1   | Noticed a death yak
 13206 | Lair:1   | Noticed a death yak
 13207 | Lair:1   | Killed a death yak
 13207 | Lair:1   | Noticed a death yak
 13216 | Lair:1   | Killed a death yak
 13220 | Lair:1   | Killed a death yak
 13220 | Lair:1   | Killed a death yak
 13221 | Lair:1   | Killed a death yak
 13222 | Lair:1   | Killed a death yak
 14154 | Lair:1   | Reached skill level 5 in Fighting
 14299 | Lair:1   | Reached XP level 12. HP: 93/94 MP: 25/25
 14574 | Lair:2   | Found a hole to the Spider Nest.
 15283 | D:11     | Reached skill level 5 in Armour
 15675 | D:11     | Noticed a tengu reaver
 15915 | D:11     | Found Alug's Distillery.
 16163 | D:11     | Noticed a catoblepas
 16174 | D:11     | Killed a catoblepas
 16250 | D:11     | Noticed an ogre mage
 16273 | D:11     | Killed an ogre mage
 16672 | D:11     | Killed a rakshasa
 16808 | D:11     | Noticed a frost giant
 16808 | D:11     | Noticed a five-headed hydra
 16835 | D:11     | Mangled by a frost giant

Illustrated notes

Levels and vault maps discovered:
D:1:      minmay_arrival_split_and_join, layout_rooms, serial_shops,
          nicolae_shop_gaudy_bauble, minmay_split_cup_large
D:2:      layout_loops_ring
D:3:      layout_loops_ring, trog_book, lemuel_tele_altar, hex_tiny,
          amethyst_killhole
D:4:      layout_basic
D:5:      layout_basic, mainiacjoe_overflow_catwalk, temple_fountains,
          uniq_blork_the_orc, uniq_menkaure
D:6:      layout_loops_cross, serial_shops, nicolae_shop_trees,
          kennysheep_generic_room_9, uniq_jeremiah
D:7:      layout_rooms, okawaru_gym_becter, general_overflow_altar,
          lemuel_crystal_altar, grunt_temple_overflow_open, serial_library,
          serial_library_regret_index_split_case,
          serial_library_hellmonk_room_c, serial_library_hellmonk_room_a,
          serial_library_regret_index_small_wings,
          serial_library_hellmonk_small_alcove,
          serial_library_hellmonk_metal_room,
          serial_library_regret_index_headful
D:8:      layout_rooms, grunt_qazlal_clouds, lair_entry_dummy, serial_shops,
          shop, st_stairs_6, eino_tiny_chamber
D:9:      layout_rooms, grunt_temple_overflow_champion_of_chaos,
          minmay_stone_trees_small
D:10:     layout_basic, grunt_gozag_breadcrumbs, cheibrodos_ashenzari_chains,
          kennysheep_little_box, serial_co_window_serial,
          co_window_of_opportunity_a, co_window_cross_1, co_window_paths_a,
          co_window_paths_a, co_window_paths_b, co_window_cross_1,
          co_window_paths_a, co_window_paths_a, co_window_corner_a,
          co_window_paths_c, co_window_of_opportunity_b, co_window_broadway_c,
          co_window_broadway_b, glass_columns_a, glass_columns_a,
          bh_circular_ruins, uniq_fannar
D:11:     nzn_winding_woodlands_large [nzn_winding_woodlands_5x5_checkerboard,
          nzn_winding_woodlands_5x15_twine, nzn_winding_woodlands_hourglass,
          nzn_winding_woodlands_center_pierced_h,
          nzn_winding_woodlands_15x15_thick_spiral,
          nzn_winding_woodlands_center_diamonds,
          nzn_winding_woodlands_5x5_open_star,
          nzn_winding_woodlands_5x15_garden,
          nzn_winding_woodlands_5x5_perimeter], layout_loops_ring, serial_shops,
          nicolae_shop_industrial_runoff, nicolae_shop_window_shopping, shop,
          nicolae_shop_competitors_out_of_business
Lair:1:   layout_regular_city, st_stairs_10, chequers_serial_rivers_small_b,
          grunt_megastairs_5
Lair:2:   beast_lair_carwin_large_3, layout_long_grid, elwin_shoals_entry_rooms,
          spider_nest_entry_a

Skill      XL: |  1  2  3  4  5  6  7  8  9 10 11 12 |
---------------+-------------------------------------+-----
Alchemy        | 3 4 5 6 7 9 |  9.0
Fire Magic     | 3 5 6 9 |  9.0
Dodging        | 2 5 6 |  6.0
Stealth        | 2 3 |  3.0
Fighting       | 1 3 5 6 |  6.7
Armour         | 1 3 6 |  6.0
Conjurations   | 3 |  3.0
Spellcasting   | 3 5 6 |  6.0
Evocations     | 3 |  3.0
Translocations | 3 |  3.0
Maces & Flails | 3 |  3.0
Hexes          | 3 6 7 |  7.6

Action                     |  1- 3 |  4- 6 |  7- 9 | 10-12 || total
---------------------------+-------+-------+-------+-------++-------
  Melee: Unarmed           |    13 |       |       |       ||    13
         Short sword       |    21 |     6 |       |       ||    27
         Rapier            |       |     8 |    43 |       ||    51
         Battleaxe         |       |       |     1 |     6 ||     7
         Morningstar       |       |       |       |   139 ||   139
   Cast: Sting             |   102 |    84 |    21 |     1 ||   208
         Olgreb's Toxic Ra |       |     8 |    20 |    92 ||   120
         Sticky Flame      |       |       |    20 |    58 ||    78
         Tukima's Dance    |       |       |       |     1 ||     1
    Use: Potion            |       |     1 |       |     8 ||     9
         Scroll            |       |       |     5 |     4 ||     9
   Stab: Sleeping          |       |       |       |     1 ||     1
 Armour: Robe              |    60 |    33 |    50 |   153 ||   296
         Leather armour    |       |       |       |    56 ||    56
  Dodge: Dodged            |    77 |    20 |    53 |   187 ||   337

Table legend: (Time is in decaauts)
 A = Elapsed time spent in this place.
 B = Non-inter-level travel time spent in this place.
 C = Inter-level travel time spent in this place.
 D = Time resting spent in this place.
 E = Time spent auto-exploring this place.
 F = Levels seen in this place.
 G = Mean time per level.
                   A        B        C        D        E       F      G
               +--------+--------+--------+--------+--------+-----+--------+
         Total |  16956 |  16180 |    776 |   4536 |   9567 |  13 | 1304.3 |
       Dungeon |  14036 |  13301 |    735 |   3447 |   8145 |  11 | 1276.0 |
          Lair |   2920 |   2879 |     41 |   1089 |   1422 |   2 | 1460.0 |
               +--------+--------+--------+--------+--------+-----+--------+

Top non-repeatable levels by time:
  Lair:1: 2638 daAuts
     D:6: 1997 daAuts
    D:10: 1906 daAuts
    D:11: 1726 daAuts
     D:8: 1600 daAuts
     D:7: 1359 daAuts
     D:4: 1177 daAuts
     D:1: 1114 daAuts
     D:3: 1044 daAuts
     D:9: 1035 daAuts
     D:2: 864 daAuts
  Lair:2: 281 daAuts
     D:5: 209 daAuts
